 Dungeon Crawl Stone Soup version 0.31-a0-940-gdaa99269f9 (webtiles) character file.

Game seed: 5391341498207839979

27 Getoffmy the Shield-Bearer (level 3, 0/29 HPs)
             Began as a Formicid Fighter on Oct 21, 2023.
             Slain by a gnoll
             ... wielding a +0 flail
              (7 damage)
             ... on level 2 of the Dungeon.
             The game lasted 00:01:54 (1092 turns).

Getoffmy the Shield-Bearer (Formicid Fighter)       Turns: 1092, Time: 00:01:55

Health: 0/29       AC:  6    Str: 22    XL:     3   Next: 25%
Magic:  3/3        EV:  9    Int:  7    God:
Gold:   94         SH:  5    Dex: 13    Spells: 2/2 levels left

rFire   . . .        a - +0 quarterstaff
rCold   . . .        c - +0 buckler
rNeg    . . .        b - +0 scale mail
rPois   .            (helmet unavailable)
rElec   .            (no cloak)
rCorr   .            (no gloves)
SInv    +            (no boots)
Will    .....        (no amulet) Stlth
                     (no ring)
HPRegen 0.24/turn    (no ring)
MPRegen 0.08/turn

%: no passive effects
@: mighty
A: permanent stasis, dig shafts and tunnels, antennae 3, four strong arms
a: Dig, Shaft Self


You were on level 2 of the Dungeon.
You visited 1 branch of the dungeon, and saw 2 of its levels.

You collected 94 gold pieces.

Inventory:

Hand Weapons
 a - a +0 quarterstaff (weapon)
Missiles
 h - 5 poisoned darts
 l - 4 stones
Armour
 b - a +0 scale mail (worn)
 c - a +0 buckler (worn)
Scrolls
 e - 4 scrolls of identify {unknown}
 f - 2 scrolls of blinking {unknown}
 g - a scroll of immolation {unknown}
 i - a scroll of noise {unknown}
 j - 2 scrolls of amnesia {unknown}
Potions
 k - 2 potions of heal wounds {unknown}


   Skills:
 + Level 3.5 Fighting
 * Level 2.6 Staves
 + Level 3.6 Armour
 + Level 4.3 Shields


You had 2 spell levels left.
You didn't know any spells.
Your spell library contained the following spells:

 Spells                   Type           Power      Damage    Failure   Level
 Dazzling Flash           Conj/Hex       0%         N/A       99%         3
 Volatile Blastmotes      Fire/Tloc      0%         2d10      99%         3
 Starburst                Conj/Fire      0%         6d3       100%        6
 Maxwell's Capacitive Co  Air            0%         ∞         100%        8


Dungeon Overview and Level Annotations

Branches:
Dungeon (2/15)

Altars:


Innate Abilities, Weirdness & Mutations

You cannot be hasted, slowed, berserked, paralysed or teleported.
You can dig through walls and to a lower floor.
You have a pair of large antennae on your head. (SInv)
Your four strong arms can wield two-handed weapons with a shield.


Message History

You see here a +0 dagger.
You sock the goblin!
You kill the goblin!
No target in view!
No target in view!
No target in view!
There is a stone staircase leading up, spattered with blood here.
Things that are here:
a +0 club; a +0 sling; a goblin corpse
Okay, then.
HP restored.
k - 2 emerald potions (gained 1)
e - 4 scrolls labelled GEECUU WUKU (gained 1)
Found a stone staircase leading up.
f - 2 scrolls labelled ROPIJE KAFAUST (gained 1)
Found an escape hatch in the floor.
You pick up a book of Spectacle and begin reading...
You add the spells Volatile Blastmotes, Dazzling Flash, Starburst and Maxwell's Capacitive Coupling to your library.
j - 2 scrolls labelled XIYTENI FUOTU (gained 1)
You sense a monster nearby.
You sense a monster nearby.
You sense a monster nearby.
A gnoll comes into view. It is wielding a +0 flail.
A gnoll comes into view. It is wielding a +0 club.
The gnoll shouts!
You hear a shout!
A gnoll comes into view. It is wielding a +0 whip.
You hear a shout!
A gnoll comes into view. It is wielding a +0 spear.
The gnoll shouts!
The gnoll attacks as it pursues you! The gnoll hits you with a +0 flail!
The gnoll attacks as it pursues you! You block the gnoll's attack.
The gnoll attacks as it pursues you! The gnoll hits you with a +0 flail.
You closely miss the gnoll. The gnoll hits you with a +0 flail. x2
* * * LOW HITPOINT WARNING * * *
You hit the gnoll.
The gnoll is heavily wounded.
The gnoll closely misses you.
You feel very mighty all of a sudden. The gnoll hits you with a +0 flail!
You die...

.......#...#.# #.#
####'#.###.#.#
#.###
.....#.###.#.#
....
.....#.#...#.###.#
.....#.#.........#
.....#.........gg#
...........<.###g#
#...........## #g#
#.#########.# #@#
...# #.# #.# #..#
#>. ..# ...#
######## ##...
####


You could see 4 gnolls.

Vanquished Creatures
  An adder (D:1)
  2 ball pythons (D:1)
  A giant cockroach (D:1)
  4 goblins
  A hobgoblin (D:1)
  A bat (D:1)
  3 frilled lizards (D:1)
  A kobold (D:1)
  6 rats
20 creatures vanquished.

Notes
Turn   | Place    | Note
-------+----------+-------------------------------------------
     0 | D:1      | Getoffmy the Formicid Fighter began the quest for the Orb.
     0 | D:1      | Reached XP level 1. HP: 18/18 MP: 1/1
   209 | D:1      | Reached XP level 2. HP: 24/24 MP: 2/2
   779 | D:1      | Reached XP level 3. HP: 5/29 MP: 3/3
  1092 | D:2      | Slain by a gnoll

Illustrated notes

Levels and vault maps discovered:
D:1:      lemuel_arrival_cross, layout_basic
D:2:      kb_forest_paths, layout_basic, minmay_tripent

Action                     || total
---------------------------++-------
  Melee: Quarterstaff      ||    65
    Use: Potion            ||     1
 Armour: Scale mail        ||    62
  Dodge: Dodged            ||    23
  Block: Buckler           ||    22

Table legend: (Time is in decaauts)
 A = Elapsed time spent in this place.
 B = Non-inter-level travel time spent in this place.
 C = Inter-level travel time spent in this place.
 D = Time resting spent in this place.
 E = Time spent auto-exploring this place.
 F = Levels seen in this place.
 G = Mean time per level.
                   A        B        C        D        E       F      G
               +--------+--------+--------+--------+--------+-----+--------+
         Total |   1106 |   1067 |     39 |    193 |    699 |   2 |  553.0 |
       Dungeon |   1106 |   1067 |     39 |    193 |    699 |   2 |  553.0 |
               +--------+--------+--------+--------+--------+-----+--------+

Top non-repeatable levels by time:
     D:1: 963 daAuts
     D:2: 143 daAuts
